 Dungeon Crawl Stone Soup version 0.24-a0-203-gf0bc1e9 (webtiles) character file.

Game seed: 9917268445294297026

221 Borgoz the Cutter (level 6, 0/37 HPs)
             Began as a Kobold Gladiator on Mar 26, 2019.
             Slain by a centaur (1 damage)
             ... on level 4 of the Dungeon.
             The game lasted 00:04:07 (3062 turns).

Borgoz the Cutter (Kobold Gladiator)                Turns: 3062, Time: 00:04:08

Health: 0/37       AC:  6    Str: 12    XL:     6   Next: 19%
Magic:  6/6        EV: 22    Int:  9    God:
Gold:   180        SH:  0    Dex: 23    Spells: 5/5 levels left

rFire    . . .     SeeInvis .   o - +1 short sword (holy)
rCold    . . .     Gourm    .   (shield restricted)
rNeg     . . .     Faith    .   q - +1 leather armour {MR+}
rPois    .         Spirit   .   c - +0 helmet
rElec    .         Reflect  .   (no cloak)
rCorr    .         Harm     .   n - +0 pair of gloves
MR       ++...                  (no boots)
Stlth    +++.......             (no amulet)
HPRegen  0.12/turn              h - ring of protection from magic
MPRegen  0.10/turn              (no ring)

@: agile, about to teleport
A: small, carnivore
a: no special abilities


You were on level 4 of the Dungeon.
You were completely stuffed.

You visited 1 branch of the dungeon, and saw 4 of its levels.

You collected 180 gold pieces.

Inventory:

Hand Weapons
 a - a +0 rapier
 o - a +1 short sword of holy wrath (weapon)
 s - the +10 long sword of the Crawling Thing {slice, rElec rN+, unknown}
   (You found it on level 4 of the Dungeon)

   It inflicts extra damage upon your enemies.
   It insulates you from electricity.
   It protects you from negative energy.
Missiles
 d - 3 throwing nets (quivered)
Armour
 c - a +0 helmet (worn)
 n - a +0 pair of gloves (worn)
 q - a +1 leather armour of magic resistance (worn)
Jewellery
 h - a ring of protection from magic (left hand)
Scrolls
 e - 3 scrolls of amnesia {unknown}
 g - 5 scrolls of remove curse
 i - a scroll of magic mapping {unknown}
 j - a scroll of fear {unknown}
 k - a scroll of enchant armour {unknown}
 l - a scroll of random uselessness {unknown}
Potions
 m - 2 potions of agility
Comestibles
 f - 3 rations


   Skills:
 + Level 3.0 Fighting
 + Level 4.9 Short Blades
 + Level 3.0 Throwing
 * Level 2.5 Armour
 + Level 4.3 Dodging
 + Level 2.6 Stealth


You had 5 spell levels left.
You didn't know any spells.
Your spell library was empty.

Dungeon Overview and Level Annotations

Branches:
Dungeon (4/15)
 Temple: D:4-7

Altars:
Okawaru


Innate Abilities, Weirdness & Mutations

You are small and have problems with some larger weapons.
You are carnivorous and can eat meat at any time.


Message History

Your experience leads to an increase in your attributes!
Your base attributes are Str 12, Int 9, Dex 17.
Increase (S)trength, (I)ntelligence, or (D)exterity?
You feel agile. The centaur completely misses you.
The centaur barely misses you. The centaur misses you.
You barely miss the centaur.
The centaur is lightly wounded.
The bullfrog skeleton hits you.
* * * LOW HITPOINT WARNING * * *
The centaur completely misses you. The centaur misses you.
You hit the centaur but do no damage.
The centaur hits you but does no damage.
The bullfrog skeleton closely misses you.
The centaur misses you.
You completely miss the centaur. The centaur misses you.
The bullfrog skeleton hits you.
* * * LOW HITPOINT WARNING * * *
The centaur completely misses you. The centaur hits you.
You die...

#.....######
#..##.##....
#..##......)
##...###.....
#########.....##..###
## ...............#[.#
....######.#.....##..#
#.$...c.##.##...###..#
#@Z..###.## #..#
##c..# ...# #..# #.#.#
.......### ....# ..###
#. .#...# #. .##.#.#
#. .# ..... #. ..
...... #. ##


You could see 2 centaurs and a bullfrog skeleton.

Vanquished Creatures
  A howler monkey (D:4)
  Terence (D:3)
  A worker ant (D:4)
  5 adders
  An ooze (D:2)
  3 worms (D:3)
  2 dart slugs
  2 orcs (D:3)
  2 ball pythons (D:1)
  3 giant cockroaches
  8 hobgoblins
  11 jackals
  A quokka (D:3)
  A ball python skeleton (D:4)
  9 bats
  3 frilled lizards (D:2)
  7 goblins
  4 kobolds
  4 rats
69 creatures vanquished.

Notes
Turn   | Place    | Note
-------+----------+-------------------------------------------
     0 | D:1      | Borgoz the Kobold Gladiator began the quest for the Orb.
     0 | D:1      | Reached XP level 1. HP: 12/12 MP: 1/1
   171 | D:1      | Reached XP level 2. HP: 12/17 MP: 2/2
   387 | D:1      | Reached skill level 1 in Armour
   514 | D:1      | Reached skill level 1 in Stealth
   514 | D:1      | Reached XP level 3. HP: 22/22 MP: 3/3
  1233 | D:2      | Reached XP level 4. HP: 27/27 MP: 4/4
  1452 | D:2      | Found an iron altar of Okawaru.
  2085 | D:3      | Reached XP level 5. HP: 29/31 MP: 5/5
  2189 | D:3      | Noticed Terence
  2202 | D:3      | Killed Terence
  2955 | D:4      | Got a crystal long sword
  3039 | D:4      | Noticed a centaur
  3044 | D:4      | Noticed a centaur
  3059 | D:4      | Reached XP level 6. HP: 7/37 MP: 6/6
  3062 | D:4      | HP: 1/37 [bullfrog skeleton (3)]
  3062 | D:4      | Slain by a centaur

Levels and vault maps discovered:
D:1:      dpeg_arrival_castle, layout_basic
D:2:      layout_basic, nicolae_overflow_hidden_temple, first_ration,
          kennysheep_generic_room_6
D:3:      layout_loops_cross, roderic_lattice_a, chequers_serial_rivers_large_a,
          uniq_terence
D:4:      layout_loops_ring, minmay_temple_entry_enclosed_plants,
          kennysheep_nub, minmay_manual_mares

Skill      XL: |  1  2  3  4  5 |
---------------+----------------+-----
Armour         | 1 2 |  2.5
Stealth        | 1 2 |  2.6
Dodging        | 4 |  4.3
Fighting       | 3 |  3.0
Throwing       | 3 |  3.0
Short Blades   | |  4.9

Action                   |  1- 3 |  4- 6 || total
-------------------------+-------+-------++-------
Melee: Rapier            |    68 |       ||    68
       Short sword       |    14 |   181 ||   195
  Use: Scroll            |       |     5 ||     5
       Potion            |       |     2 ||     2
 Stab: Sleeping          |     3 |     7 ||    10
  Eat: Chunk             |     9 |     6 ||    15
Armor: Leather armour    |    20 |    43 ||    63
Dodge: Dodged            |    55 |   166 ||   221

Table legend:
 A = Non-vault XP
 B = Vault XP
 C = Vault XP percentage of total XP
 D = Non-vault monster count
 E = Vault monster count
 F = Vault count percentage of total count
                 A         B        C        D         E       F
            +---------+---------+-------+---------+---------+-------
      Total |     266 |      51 |  16.1 |      66 |       3 |   4.3
            +---------+---------+-------+---------+---------+-------
        D:1 |      43 |       0 |   0.0 |      24 |       0 |   0.0
        D:2 |      54 |      15 |  21.7 |      16 |       2 |  11.1
        D:3 |      70 |      36 |  34.0 |      19 |       1 |   5.0
        D:4 |      99 |       0 |   0.0 |       7 |       0 |   0.0
            +---------+---------+-------+---------+---------+-------
